 Dungeon Crawl Stone Soup version 0.31-a0-217-g58bb5d79cf (webtiles) character file.

Game seed: 12253869477732474241

207 qw the Shooter (level 5, -1/45 HPs)
             Began as a Minotaur Hexslinger on July 2, 2023.
             Slain by an orc wizard
             ... wielding a +0 dagger
              (2 damage)
             ... on level 4 of the Dungeon.
             The game lasted 00:00:58 (2634 turns).

qw the Shooter (Minotaur Hexslinger)                Turns: 2634, Time: 00:00:58

Health: -1/45      AC:  6    Str: 12    XL:     5   Next: 54%
Magic:  5/5        EV: 11    Int: 10    God:
Gold:   164        SH:  0    Dex: 15    Spells: 5/6 levels left

rFire   . . .        Y - +1 sling
rCold   . . .        (no shield)
rNeg    . . .        b - +0 ring mail
rPois   .            (helmet restricted)
rElec   .            (no cloak)
rCorr   .            (no gloves)
SInv    .            c - +0 pair of boots
Will    .....        (no amulet)
Stlth   +            (no ring)
HPRegen 0.27/turn    (no ring)
MPRegen 0.09/turn

%: no passive effects
@: no status effects
A: horns 2, retaliatory headbutt
a: no special abilities


You were on level 4 of the Dungeon.
You visited 1 branch of the dungeon, and saw 4 of its levels.

You collected 164 gold pieces.


Innate Abilities, Weirdness & Mutations

You have a pair of horns on your head.
You reflexively headbutt those who attack you in melee.


   Skills:
 - Level 3.0 Fighting
 + Level 5.7 Ranged Weapons
 - Level 1.0 Armour
 - Level 2.1 Dodging
 - Level 1.0 Spellcasting
 - Level 2.0 Hexes


You had 5 spell levels left.
You knew the following spells:

 Your Spells              Type           Power      Damage    Failure   Level
a - Slow                  Hex            16%        N/A       34%         1

Your spell library contained the following spells:

 Spells                   Type           Power      Damage    Failure   Level
 Inner Flame              Hex/Fire       2%         N/A       83%         3
 Portal Projectile        Hex/Tloc       4%         N/A       83%         3
 Cause Fear               Hex            2%         N/A       98%         4

Inventory:

Hand Weapons
 Y - a +1 sling (weapon)
Armour
 b - a +0 ring mail (worn)
 c - a +0 pair of boots (worn)
Scrolls
 f - a scroll of summoning {unknown}
 i - a scroll of identify
Potions
 a - a potion of might {unknown}
 d - a potion of degeneration {unknown}

Dungeon Overview and Level Annotations

Branches:
Dungeon (4/15)
 Temple: D:4-7

Altars:
Nemelex Xobeh


Message History

Something hits you but does no damage.
The orc wizard hits you with a +0 dagger.
You hear some strange, mumbled words.
Something tries to affect you, but you resist.
2627 ||| DRINKING potion of heal wounds.
You feel much better.
You feel less confused.
The orc wizard mumbles some strange words.
The orc wizard flickers and vanishes!
Something hits you but does no damage.
You shoot a sling bullet. Something hits you but does no damage.
You hear some strange, mumbled words.
A puff of flame appears from out of thin air!
The puff of flame hits you! Something hits you.
Something hits you but does no damage.
You shoot a sling bullet. Something hits you but does no damage.
You hear some strange, mumbled words.
A magic dart appears from out of thin air!
The magic dart hits you.
You shoot a sling bullet. Something hits you but does no damage.
Something hits you.
You shoot a sling bullet. Something hits you but does no damage.
Something hits you.
You shoot a sling bullet.
You hear some strange, mumbled words.
Something tries to affect you, but you resist.
You hear some strange, mumbled words.
A puff of flame appears from out of thin air!
The puff of flame hits you! Something completely misses you.
Something hits you but does no damage.
You shoot a sling bullet.
Something hits you but does no damage. x2
You shoot a sling bullet.
An orc wizard appears from thin air!
Reactivating autopickup.
Something hits you.
Deactivating autopickup; reactivate with Ctrl-A.
The orc wizard hits you with a +0 dagger.
You die...

..........#<......# #.#
...###.######.....# #.#
#.#>......# #<....# #.#
..#..###..# ####### #.#
#.. #..######## #.#
#..###..#......# ##.#
#.#)..#.#.####.# #...
#..{o%..#.#....# ##.#
.o.g..%#@......%##.# ###
r#####.######.####.######
.. #............ ##.
############# #. .. ##


You could see an orc wizard.

Vanquished Creatures
  A hound (D:4)
  An orc priest (D:4)
  A sleepcap (D:3)
  Terence (D:2)
  Robin (D:2)
  2 adders
  A worm (D:2)
  2 dart slugs
  2 orcs (D:4)
  5 endoplasms
  A giant cockroach (D:2)
  10 goblins
  6 hobgoblins
  3 kobolds
  3 quokkas (D:1)
  5 ball pythons
  5 bats
  3 frilled lizards
  5 rats
58 creatures vanquished.

Notes
Turn   | Place    | Note
-------+----------+-------------------------------------------
     0 | D:1      | qw the Minotaur Hexslinger began the quest for the Orb.
     0 | D:1      | Reached XP level 1. HP: 16/16 MP: 1/1
     0 | D:1      | 0 ||| qw: Version: 0.3-a-40-ge99b1a8
     0 | D:1      | 0 ||| qw: Game counter: 20
     0 | D:1      | 0 ||| qw: Melee chars always use a shield: true
     0 | D:1      | 0 ||| qw: God list: Okawaru
     0 | D:1      | 0 ||| qw: Allow faded altars: false
     0 | D:1      | 0 ||| qw: Do Orc after clearing Dungeon:15 true
     0 | D:1      | 0 ||| qw: Do second Lair branch before Depths: true
     0 | D:1      | 0 ||| qw: Lair rune preference: random
     0 | D:1      | 0 ||| qw: Goals: Normal
     0 | D:1      | 0 ||| PLANNING D:1-11
   249 | D:1      | Reached skill level 3 in Ranged Weapons
   249 | D:1      | Reached XP level 2. HP: 23/23 MP: 2/2
   677 | D:1      | 677 ||| READING scroll labelled UVOR PADOUL.
   678 | D:1      | 678 ||| READING scroll labelled VORIQIXIBU.
   679 | D:1      | 679 ||| DROPPING scroll of poison.
   697 | D:2      | 697 ||| FLEEEEING.
   698 | D:2      | 698 ||| STAIRDANCE
   881 | D:2      | Noticed Terence
   883 | D:2      | Reached XP level 3. HP: 29/29 MP: 3/3
   891 | D:2      | Killed Terence
   892 | D:2      | Reached skill level 4 in Ranged Weapons
  1188 | D:2      | Noticed Robin
  1210 | D:2      | Reached XP level 4. HP: 36/36 MP: 4/4
  1218 | D:2      | Killed Robin
  1453 | D:2      | 1453 ||| UPGRADING to +0 ring mail.
  1463 | D:2      | 1463 ||| DROPPING +0 robe.
  1522 | D:3      | Reached skill level 1 in Armour
  1595 | D:3      | Found a sparkling altar of Nemelex Xobeh.
  1697 | D:3      | Found a faded altar of an unknown god.
  2081 | D:3      | HP: 7/36 [sleepcap (5)]
  2086 | D:3      | Reached skill level 5 in Ranged Weapons
  2436 | D:3      | 2436 ||| UPGRADING to +0 pair of boots.
  2441 | D:3      | 2441 ||| READING scroll labelled QUMUISHR ZUTO.
  2442 | D:3      | 2442 ||| DRINKING 2 bubbling amethyst potions.
  2443 | D:3      | 2443 ||| DRINKING 2 murky puce potions.
  2444 | D:3      | 2444 ||| DRINKING 2 black potions.
  2445 | D:3      | 2445 ||| DROPPING potion of attraction.
  2576 | D:4      | Reached XP level 5. HP: 40/41 MP: 5/5
  2592 | D:4      | Reached skill level 3 in Fighting
  2593 | D:4      | 2593 ||| Stepping ~*~*~tactically~*~*~ (outnumbered).
  2619 | D:4      | 2619 ||| DRINKING potion of curing.
  2619 | D:4      | 2619 ||| (to cure confusion)
  2626 | D:4      | HP: 11/45 [orc wizard/+0 dagger (2)]
  2627 | D:4      | 2627 ||| DRINKING potion of heal wounds.
  2631 | D:4      | HP: 11/45 [something (2)]
  2632 | D:4      | HP: 1/45 [something/puff of flame (10)]
  2634 | D:4      | Slain by an orc wizard

Levels and vault maps discovered:
D:1:      nicolae_arrival_somewhat_less_tricky_arrival, layout_loops_ring
D:2:      wander_river, layout_basic, uniq_robin, uniq_terence
D:3:      layout_basic, nemelex_spade_bored_becter,
          shapermc_ecumenical_altar_gd, item_on_display_a
D:4:      layout_loops_cross, minmay_temple_entry_poolview

Skill      XL: |  1  2  3  4  5 |
---------------+----------------+-----
Ranged Weapons | 3 4 5 |  5.7
Fighting       | 2 3 |  3.0
Armour         | 1 |  1.0
Dodging        | |  2.1
Spellcasting   | |  1.0
Hexes          | |  2.0

Action                     |  1- 3 |  4- 6 || total
---------------------------+-------+-------++-------
   Fire: Sling             |   108 |   121 ||   229
    Use: Scroll            |     2 |     1 ||     3
         Potion            |       |     5 ||     5
 Armour: Robe              |     7 |     1 ||     8
         Ring mail         |       |    61 ||    61
  Dodge: Dodged            |    18 |    40 ||    58

Table legend:
 A = Non-vault XP
 B = Vault XP
 C = Vault XP percentage of total XP
 D = Non-vault monster count
 E = Vault monster count
 F = Vault count percentage of total count
                 A         B        C        D         E       F
            +---------+---------+-------+---------+---------+-------
      Total |     227 |      69 |  23.3 |      45 |      13 |  22.4
            +---------+---------+-------+---------+---------+-------
        D:1 |      29 |       0 |   0.0 |      17 |       0 |   0.0
        D:2 |      21 |      69 |  76.7 |      10 |      13 |  56.5
        D:3 |      68 |       0 |   0.0 |      11 |       0 |   0.0
        D:4 |     109 |       0 |   0.0 |       7 |       0 |   0.0
            +---------+---------+-------+---------+---------+-------
